 Dungeon Crawl Stone Soup version 0.29-a0-468-ge57f7f99b4 (webtiles) character file.

Game seed: 8815502203157906484

3993 avis the Cleaver (level 10, -10/94 HPs)
             Began as a Hill Orc Monk on May 21, 2022.
             Was a Priest of Beogh.
             Mangled by a catoblepas (22 damage)
             ... on level 7 of the Dungeon.
             The game lasted 00:44:41 (7344 turns).

avis the Cleaver (Hill Orc Monk)                    Turns: 7344, Time: 00:44:42

Health: -10/94     AC:  5    Str: 19    XL:     10   Next: 23%
Magic:  12/12      EV: 26    Int: 10    God:    Beogh [***...]
Gold:   100        SH:  5    Dex: 15    Spells: 9/9 levels left

rFire   . . .      SeeInvis .   a - +10 hand axe "Wyttoaj" {flame, Will+ Dex+2 Stlth-}
rCold   . . .      Faith    .   Y - +0 buckler
rNeg    . . .      Spirit   .   e - +0 ring mail {rPois}
rPois   +          Reflect  .   (no helmet)
rElec   .          Harm     .   (no cloak)
rCorr   .          Rampage  .   (no gloves)
Will    +....                   (no boots)
Stlth   ..........              E - amulet of the acrobat
HPRegen 0.25/turn               (no ring)
MPRegen 0.13/turn               (no ring)

@: acrobatic
A: no striking features
a: Renounce Religion, Smiting


You were on level 7 of the Dungeon.
You worshipped Beogh.
Beogh was most pleased with you.
You visited 2 branches of the dungeon, and saw 8 of its levels.

You collected 565 gold pieces.
You spent 465 gold pieces at shops.

Inventory:

Hand Weapons
 a - the +10 hand axe "Wyttoaj" (weapon) {flame, Will+ Dex+2 Stlth-}
   (You found it on level 2 of the Dungeon)

   It burns those it strikes, dealing additional fire damage.
   Big, fiery blades are also staple armaments of hydra-hunters.
   Dex:       It affects your dexterity (+2).
   Will:      It increases your willpower.
   Stlth:     It makes you less stealthy.
 b - a +0 broad axe
 l - a +0 mace of holy wrath
 p - a +0 hunting sling
 w - a +3 morningstar
 F - a +2 battleaxe
Missiles
 r - 4 atropa-tipped darts
 s - 6 boomerangs
 Q - 3 poisoned darts (quivered)
Armour
 e - a +0 ring mail of poison resistance (worn)
 f - a +0 chain mail
 Y - a +0 buckler (worn)
Jewellery
 B - a ring of ice
 E - an amulet of the acrobat (around neck)
 I - a ring of flight
 Z - a ring of protection from fire
Wands
 o - a wand of iceblast (4)
 A - a wand of flame (9)
Scrolls
 c - 2 scrolls of blinking {unknown}
 d - 2 scrolls of magic mapping {unknown}
 h - 3 scrolls of immolation {unknown}
 i - 2 scrolls of identify
 j - 2 scrolls of enchant weapon {unknown}
 k - 3 scrolls of enchant armour {unknown}
 m - 6 scrolls of teleportation {unknown}
 q - 2 scrolls of vulnerability {unknown}
 H - a scroll of amnesia {unknown}
 P - a scroll of brand weapon {unknown}
 S - 2 scrolls of fear {unknown}
 V - a scroll of poison {unknown}
 W - a scroll of noise {unknown}
Potions
 g - 2 potions of curing
 n - a potion of heal wounds
 G - a potion of berserk rage
 J - 2 potions of might
 M - a potion of lignification
 N - a potion of brilliance
 U - a potion of resistance


   Skills:
 + Level 10.6 Fighting
 * Level 14.4 Axes
 - Level 2.4 Dodging
 - Level 1.5 Stealth
 - Level 4.0 Shields
 + Level 3.3 Invocations


You had 9 spell levels left.
You didn't know any spells.
Your spell library contained the following spells:

 Spells                   Type           Power      Damage    Failure   Level
 Beastly Appendage        Tmut           0%         N/A       65%         1
 Wereblood                Tmut           0%         N/A       78%         2
 Gell's Gravitas          Tloc           0%         N/A       95%         3
 Lesser Beckoning         Tloc           0%         N/A       95%         3
 Portal Projectile        Hex/Tloc       0%         N/A       95%         3
 Spider Form              Tmut/Pois      0%         N/A       95%         3
 Teleport Other           Tloc           0%         N/A       95%         3
 Tukima's Dance           Hex            0%         N/A       95%         3
 Fulminant Prism          Conj/Hex       0%         3d6       100%        4
 Iskenderun's Mystic Bla  Conj/Tloc      0%         2d3       100%        4
 Blade Hands              Tmut           0%         N/A       100%        5
 Lee's Rapid Deconstruct  Erth           0%         3d5*      100%        5
 Dispersal                Tloc           0%         N/A       100%        6


Dungeon Overview and Level Annotations

Branches:
Dungeon (7/15)             Temple (1/1) D:7

Altars:
Cheibriados

Shops:
D:1 *   D:4 [   D:5 *


Message History

The catoblepas is heavily wounded.
The catoblepas misses you.
You slash the catoblepas! You burn the catoblepas.
The catoblepas is heavily wounded.
The catoblepas gores you!!
* * * LOW HITPOINT WARNING * * *
You feel much better.
The catoblepas breathes a plume of calcifying dust at you.
The blast of calcifying dust hits you.
* * * LOW HITPOINT WARNING * * *
The catoblepas breathes a plume of calcifying dust at you.
The blast of calcifying dust hits you.
* * * LOW HITPOINT WARNING * * *
Things that are here:
a +0 whip; 5 poisoned darts; a kobold corpse You feel much better.
The catoblepas breathes a plume of calcifying dust at you.
The blast of calcifying dust hits you.
* * * LOW HITPOINT WARNING * * *
The catoblepas smashes its foot into the ground.
You see here a scroll labelled UTEGGAR JUOQEDGH.
You hit the catoblepas. You burn the catoblepas.
The catoblepas is heavily wounded.
You hit the catoblepas but do no damage.
The catoblepas is heavily wounded.
You block the catoblepas's attack.
Unknown command.
You slash the catoblepas! You burn the catoblepas.
The catoblepas is severely wounded.
The catoblepas breathes in.
The catoblepas barely misses you.
You hit the catoblepas but do no damage.
The catoblepas is severely wounded.
You hit the catoblepas. You burn the catoblepas.
The catoblepas is severely wounded.
The catoblepas breathes a plume of calcifying dust at you.
The blast of calcifying dust hits you!
* * * LOW HITPOINT WARNING * * *
The catoblepas gores you!!
You die...

.⌠..## #.....##.##.##.....#......
....# ###...#..#.#.#............
##.## ##.....##...##..#...<...#
#.######......#§#.#§#..#..#....#
#............##§....##....##...#
#####........#[#§#.#(#..#.####).
##>.....##§......##.#.####)#
###......#.#§#)#.#$#...#...))
#.......##..@Y[....##....##..
#####.....#####...#########..##..
##......### ###.# ###....
.#....### .#. ###.. ....### .# .#
### ).### .# }| # ##+ #. ⌠:.
..### . ::## ....###


You could see a catoblepas.

Vanquished Creatures
  2 trolls
  A steam dragon (D:6)
  2 water moccasins
  3 ice beasts (D:7)
  2 black bears
  A sky beast (D:7)
  6 ogres
  A phantom (D:5)
  2 bullfrogs (D:7)
  2 kobold brigands
  2 necrophages
  3 gnoll sergeants
  3 scorpions
  6 wights
  A howler monkey (D:5)
  4 orc priests (D:7)
  6 hounds
  4 iguanas
  8 orc wizards
  10 gnolls
  10 adders
  2 shadow imps
  A white imp (D:7)
  2 worms
  4 dart slugs
  34 orcs
  11 ball pythons
  7 endoplasms
  5 giant cockroaches
  7 goblins
  8 hobgoblins
  A jackal (D:5)
  8 kobolds
  2 quokkas
  3 bats
  6 frilled lizards
  7 rats
187 creatures vanquished.

Vanquished Creatures (others)
  An orc (D:5)
1 creature vanquished.

Grand Total: 188 creatures vanquished

Notes
Turn   | Place    | Note
-------+----------+-------------------------------------------
     0 | D:1      | avis the Hill Orc Monk began the quest for the Orb.
     0 | D:1      | Reached XP level 1. HP: 19/19 MP: 1/1
   144 | D:1      | Reached XP level 2. HP: 24/26 MP: 2/2
   181 | D:1      | Found a faded altar of an unknown god.
   414 | D:1      | Reached skill level 5 in Axes
   529 | D:1      | Found Cefofim's General Store.
   919 | D:1      | You fall into a shaft and drop 1 floor!
   965 | D:2      | Found a snail-covered altar of Cheibriados.
  1004 | D:2      | Identified the +10 hand axe "Wyttoaj" {flame, Will+ Dex+2
                  | Stlth-}
  1236 | D:2      | Reached XP level 3. HP: 29/31 MP: 3/3
  2194 | D:3      | Reached skill level 6 in Axes
  2257 | D:3      | Reached XP level 4. HP: 33/40 MP: 4/4
  2284 | D:3      | Reached XP level 5. HP: 43/47 MP: 5/5
  2554 | D:4      | Reached skill level 7 in Axes
  2786 | D:4      | Found Fegeb's Armour Shop.
  3142 | D:4      | Reached skill level 5 in Fighting
  3142 | D:4      | Reached XP level 6. HP: 35/56 MP: 6/6
  3143 | D:4      | Reached skill level 8 in Axes
  3236 | D:4      | Bought the +0 scale mail "Dunoafy" {rPois Int-4 Dex+3} for
                  | 157 gold pieces
  3472 | D:4      | Reached XP level 7. HP: 62/62 MP: 7/7
  3772 | D:1      | Bought 2 potions of berserk rage for 140 gold pieces
  3840 | D:5      | Entered Level 5 of the Dungeon
  3954 | D:5      | Reached skill level 9 in Axes
  3955 | D:5      | Found Ibutt's Overcharged Wands.
  4010 | D:5      | Reached skill level 10 in Axes
  4022 | D:5      | Reached XP level 8. HP: 45/71 MP: 8/8
  4061 | D:5      | Reached skill level 11 in Axes
  4106 | D:5      | Became a worshipper of Beogh the Brigand
  4106 | D:5      | Reached * piety under Beogh
  4106 | D:5      | Reached ** piety under Beogh
  4533 | D:5      | Noticed a troll
  4540 | D:5      | Killed a troll
  4541 | D:5      | Reached skill level 12 in Axes
  4767 | D:5      | Reached XP level 9. HP: 73/81 MP: 9/9
  5043 | D:5      | Reached skill level 1 in Shields
  5406 | D:6      | Reached skill level 13 in Axes
  6334 | D:1      | Bought a potion of mutation for 112 gold pieces
  6336 | D:1      | Bought a potion of brilliance for 56 gold pieces
  6681 | D:7      | Reached skill level 14 in Axes
  6956 | D:7      | Found a staircase to the Ecumenical Temple.
  6963 | Temple   | Entered the Ecumenical Temple
  7026 | D:7      | Reached *** piety under Beogh
  7027 | D:7      | Reached skill level 10 in Fighting
  7027 | D:7      | Reached skill level 1 in Invocations
  7172 | D:7      | Reached XP level 10. HP: 89/93 MP: 9/11
  7320 | D:7      | Noticed a catoblepas
  7333 | D:7      | HP: 1/94 [catoblepas (29)]
  7344 | D:7      | Mangled by a catoblepas

Illustrated notes

Levels and vault maps discovered:
D:1:      onia_arrival_pentagram, layout_basic,
          shapermc_ecumenical_altar_flowoftime, serial_shops,
          nicolae_shop_temple_entry_statues_fountains
D:2:      layout_loops_corners, basic_altar
D:3:      layout_rooms, st_stairs_4
D:4:      layout_rooms, serial_shops, nicolae_inconvenience_store,
          minmay_diced_spiral
D:5:      cheibrodos_fzero, layout_loops_cross, nicolae_shop_overcharged_wands
D:6:      layout_gridville
D:7:      minmay_the_grid_four_pointed_star
          [minmay_the_grid_triangle_9x9_checkered,
          minmay_the_grid_triangle_9x9_zippers_horizontal,
          minmay_the_grid_triangle_9x9_odd_lines,
          minmay_the_grid_triangle_9x9_sparse_checkered,
          minmay_the_grid_prize_diamond_cup], layout_cave_pools,
          temple_fountains
Temple:   mainiacjoe_temple_hex_bubbles

Skill      XL: |  1  2  3  4  5  6  7  8  9 10 |
---------------+-------------------------------+-----
Axes           | 5 6 7 8 10 12 14 | 14.4
Fighting       | 4 5 6 8 10 | 10.6
Shields        | 4 |  4.0
Invocations    | 1 3 |  3.3
Dodging        | |  2.4
Stealth        | |  1.5

Action                   |  1- 3 |  4- 6 |  7- 9 | 10-12 || total
-------------------------+-------+-------+-------+-------++-------
Melee: Hand axe          |    93 |    77 |   217 |    40 ||   427
       Punch             |     2 |     1 |       |       ||     3
Throw: Dart              |       |       |    22 |       ||    22
       Stone             |       |       |     2 |       ||     2
       Boomerang         |       |       |     2 |       ||     2
Invok: Convert to Beogh  |       |       |     1 |       ||     1
Evoke: Wand              |       |       |     5 |       ||     5
  Use: Potion            |       |     2 |     1 |     2 ||     5
       Scroll            |       |       |     6 |       ||     6
 Stab: Sleeping          |     1 |       |       |       ||     1
Armor: Robe              |     2 |       |       |       ||     2
       Ring mail         |    15 |       |    10 |     5 ||    30
       Plate armour      |    23 |    34 |       |       ||    57
       Chain mail        |       |    17 |    14 |       ||    31
       Scale mail        |       |     3 |    18 |       ||    21
Dodge: Dodged            |    25 |    23 |    73 |    14 ||   135
Block: Buckler           |       |       |    10 |     8 ||    18

Table legend: (Time is in decaauts)
 A = Elapsed time spent in this place.
 B = Non-inter-level travel time spent in this place.
 C = Inter-level travel time spent in this place.
 D = Time resting spent in this place.
 E = Time spent auto-exploring this place.
 F = Levels seen in this place.
 G = Mean time per level.
                   A        B        C        D        E       F      G
               +--------+--------+--------+--------+--------+-----+--------+
         Total |   7298 |   6381 |    917 |   1482 |   3093 |   8 |  912.2 |
       Dungeon |   7278 |   6361 |    917 |   1482 |   3093 |   7 | 1039.7 |
        Temple |     19 |     19 |      0 |      0 |      0 |   1 |   19.0 |
               +--------+--------+--------+--------+--------+-----+--------+

Top non-repeatable levels by time:
     D:6: 1414 daAuts
     D:4: 1338 daAuts
     D:2: 1222 daAuts
     D:1: 1074 daAuts
     D:5: 973 daAuts
     D:3: 703 daAuts
     D:7: 550 daAuts
  Temple: 19 daAuts
